AoeStats
← CrazyAgu4400

Arabia

506581357Analyzed
2v2 RM · 17d ago on Sep 14, 2026· 76m 45s· 4 players
Game mode
Random Map
Map size
Medium (4 player)
Population
200
Speed
Normal
Resources
Standard
Victory
Conquest
Starting age
Dark Age
Ending age
Imperial Age
RankedLock teamsTeams togetherTeam positionsShared explorationLock speedFull tech treeHidden civsTurbo modeCheats
Victory
Defeat
🇦🇷 Gurjaras · Argentina
1045
+13
🇦🇷 Lithuanians · Argentina
1031
+14
🇺🇸 Ethiopians · United States
1042
-16
🇺🇸 Poles · United States
919
-11
oh...it's...ken..
7:33 Loom
9:44 Feudal Age
10:18 Double-Bit Axe
10:14 Horse Collar
12:40 Horse Collar
14:39 Fletching
18:22 Wheelbarrow
22:34 Castle Age
21:27 Padded Archer Armor
23:23 Thumb Ring
23:23 Crossbowman
24:08 Bodkin Arrow
25:51 Ballistics
26:15 Bow Saw
29:30 Leather Archer Armor
34:06 Squires
34:09 Scale Mail Armor
34:19 Forging
35:25 Town Watch
35:58 Hand Cart
35:24 Man-at-Arms
36:24 Chain Mail Armor
36:36 Gold Mining
TROGDOR
1:05 Loom
10:31 Feudal Age
9:14 Loom
12:45 Double-Bit Axe
19:44 Castle Age
19:17 Bloodlines
18:57 Horse Collar
20:15 Wheelbarrow
21:13 Husbandry
21:13 Light Cavalry
23:22 Scale Barding Armor
24:11 Gold Mining
27:24 Forging
28:37 Bow Saw
28:29 Heavy Plow
29:22 Hand Cart
34:05 Imperial Age
33:27 Chain Barding Armor
37:41 Lechitic Legacy
37:42 Conscription
37:40 Winged Hussar
40:11 Iron Casting
44:06 Chemistry
43:28 Ballistics
45:27 Town Watch
52:34 Crop Rotation
60:16 Blast Furnace
75:01 Scale Mail Armor
El dengue
7:38 Loom
9:28 Feudal Age
16:29 Double-Bit Axe
16:40 Fletching
19:11 Padded Archer Armor
24:25 Castle Age
24:12 Bloodlines
24:54 Forging
25:10 Loom
24:56 Elite Skirmisher
25:52 Gold Mining
27:07 Ballistics
27:13 Crossbowman
29:12 Leather Archer Armor
29:27 Thumb Ring
31:01 Bodkin Arrow
35:06 Stone Mining
36:52 Murder Holes
39:44 Bow Saw
39:26 Horse Collar
40:58 Iron Casting
41:25 Husbandry
41:08 Treadmill Crane
41:39 Masonry
42:47 Wheelbarrow
41:59 Town Watch
42:31 Scale Barding Armor
45:35 Imperial Age
43:19 Light Cavalry
44:28 Kshatriyas
45:28 Chain Barding Armor
45:52 Hussar
51:13 Heavy Camel Rider
54:01 Conscription
54:20 Frontier Guards
54:56 Plate Barding Armor
57:47 Chemistry
72:05 Crossbowman
73:18 Hussar
CrazyAgu4400
6:44 Loom
8:59 Feudal Age
10:17 Double-Bit Axe
15:59 Horse Collar
17:29 Wheelbarrow
19:27 Fletching
19:47 Gold Mining
22:28 Castle Age
22:49 Padded Archer Armor
22:45 Elite Skirmisher
24:01 Bodkin Arrow
24:23 Leather Archer Armor
24:24 Bloodlines
26:05 Town Watch
27:14 Bow Saw
27:20 Pikeman
30:18 Scale Mail Armor
30:28 Forging
31:25 Hill Forts
35:44 Ballistics
39:05 Imperial Age
37:10 Heavy Plow
39:28 Chain Mail Armor
39:49 Iron Casting
39:42 Halberdier
40:58 Treadmill Crane
45:21 Conscription
45:06 Tower Shields
47:05 Hand Cart
48:19 Bloodlines
48:09 Husbandry
54:31 Two-Man Saw
57:22 Crop Rotation
56:33 Light Cavalry
58:40 Stone Mining
Connection lost

Rejoining the realm…

Still unreachable

The connection could not be restored.

Session expired

The server has moved on; the page needs a fresh start.